 Dungeon Crawl Stone Soup version 0.31-a0-640-g39d97e502b (webtiles) character file.

Game seed: 8928791185360087478

3101 bjtr the Geomancer (level 9, -9/48 HPs)
             Began as a Gargoyle Earth Elementalist on Aug 27, 2023.
             Was an Initiate of Hepliaklqana.
             Engulfed by an ice statue's freezing vapour (19 damage)
             ... on level 7 of the Dungeon.
             The game lasted 00:37:52 (7000 turns).

bjtr the Geomancer (Gargoyle Earth Elementalist)    Turns: 7000, Time: 00:37:52

Health: -9/48      AC: 13    Str: 18    XL:     9   Next: 90%
Magic:  18/19      EV: 32    Int: 23    God:    Hepliaklqana [......]
Gold:   126        SH:  0    Dex: 10    Spells: 11/21 levels left

rFire   . . .        z - +0 broad axe
rCold   . . .        (no shield)
rNeg    + + .        H - +2 leather armour {rN+}
rPois   ∞            p - +1 helmet {Int+3}
rElec   +            h - scarf {+Inv}
rCorr   .            (no gloves)
SInv    .            (no boots)
Will    .....        B - amulet of the acrobat
Stlth   ++           F - +5 ring of evasion
HPRegen 0.28/turn    D - +6 ring of strength
MPRegen 0.16/turn

%: acrobat
@: acrobatic
A: sickness immunity, AC +6, negative energy resistance 1, electricity
resistance, torment resistance 1, petrification resistance
a: Renounce Religion, Evoke Invisibility


You were on level 7 of the Dungeon.
You worshipped Hepliaklqana.
Hepliaklqana was noncommittal.
You visited 2 branches of the dungeon, and saw 8 of its levels.
You also visited: Bailey.

You collected 250 gold pieces.
You spent 124 gold pieces at shops.

Inventory:

Hand Weapons
 g - a +0 sling
 m - a +3 halberd of electrocution
 o - a +0 flail of protection
 q - a +2 halberd of draining
 r - a +3 dagger of draining
 t - a +1 hand axe of flaming
 z - a +0 broad axe (weapon)
 C - a +0 morningstar
 J - a +4 trident
Missiles
 e - a throwing net
 k - 3 darts of dispersal
 A - 8 poisoned darts
Armour
 h - a scarf of invisibility (worn)
 p - a +1 helmet of intelligence (worn)
 v - a +0 cloak
 H - a +2 leather armour of positive energy (worn)
Jewellery
 a - a ring of resist corrosion
 B - an amulet of the acrobat (around neck)
 D - a +6 ring of strength (right hand)
 F - a +5 ring of evasion (left hand)
Wands
 s - a wand of digging (5)
 x - a wand of quicksilver (7)
 y - a wand of polymorph (8)
 E - a wand of mindburst (14)
 G - a wand of roots (12)
Scrolls
 c - 8 scrolls of teleportation
 i - a scroll of enchant weapon
 n - a scroll of fog
 I - a scroll of enchant armour
 O - a scroll of revelation
Potions
 b - 9 potions of magic
 d - 2 potions of curing
 f - 3 potions of heal wounds
 j - 4 potions of might
 l - 3 potions of brilliance
 u - 3 potions of cancellation
 w - a potion of attraction {unknown}
 K - 5 potions of mutation {unknown}
 L - a potion of resistance {unknown}
 M - a potion of invisibility {unknown}
 N - a potion of haste {unknown}
 P - a potion of degeneration {unknown}


   Skills:
 + Level 1.6 Fighting
 * Level 4.1 Axes
 + Level 2.5 Armour
 + Level 2.4 Dodging
 + Level 3.3 Stealth
 + Level 6.9 Spellcasting
 - Level 0.7 Transmutations
 + Level 11.5 Earth Magic


You had 11 spell levels left.
You knew the following spells:

 Your Spells              Type           Power      Damage    Failure   Level
a - Sandblast             Erth           100%       2d20      1%          1
b - Passwall              Tmut/Erth      30%        N/A       1%          2
c - Stone Arrow           Conj/Erth      68%        3d11      2%          3
d - Petrify               Tmut/Erth      36%        N/A       8%          4

Your spell library contained the following spells:

 Spells                   Type           Power      Damage    Failure   Level
 Portal Projectile        Hex/Tloc       16%        N/A       28%         3
 Tukima's Dance           Hex            8%         N/A       28%         3
 Dispel Undead            Necr           8%         3d8       67%         4
 Iskenderun's Mystic Bla  Conj/Tloc      8%         2d4       67%         4
 Death Channel            Necr           4%         N/A       100%        6
 Simulacrum               Ice/Necr       4%         N/A       100%        6
 Ozocubu's Refrigeration  Ice            4%         4d8       100%        7
 Polar Vortex             Ice            4%         N/A       100%        9
 Cigotuvi's Dreadful Rot  Necr/Pois/Air  Unusable   N/A       N/A         2

Dungeon Overview and Level Annotations

Branches:
Dungeon (7/15)             Temple (1/1) D:7          Bailey (visited)

Altars:
Cheibriados
Elyvilon
Fedhas
Gozag
Hepliaklqana
Kikubaaqudgha
Makhleb
Ru
Sif Muna
Trog
Uskayaw
Wu Jian
Xom
Yredelemnul
Zin

Shops:
D:6 ?([*

Annotations:
D:7 exclusion: ice statue


Innate Abilities, Weirdness & Mutations

You are immune to sickness and miasma.
Your stone body is resilient. (AC +6)
You are immune to poison.
You resist negative energy. (rN+)
You are resistant to electric shocks. (rElec)
You are resistant to unholy torment.
You are immune to petrification.


Message History

You kneel at the altar of Hepliaklqana.
Hepliaklqana welcomes you!
Unknown command.
Press < or > to pray at altars.
Unknown command.
Press < or > to pray at altars.
There is an open door here.
There is a staircase back to the Dungeon here.
You climb upwards.
Welcome back to the Dungeon!
Level annotation: exclusion: ice statue
There is a staircase to the Ecumenical Temple here.
Things that are here:
a +0 ring mail; a +0 whip Partly explored, can't reach some places.
Partly explored, can't reach some places.
There is a stone staircase leading down here.
There is a stone staircase leading down here.
Casting: Sandblast (safe; 1% risk of failure)
Confirm with . or Enter, or press ? or * to list all spells.
You can't see any susceptible monsters within range! (Use Z to cast anyway.) Unknown command.
Casting: Sandblast (safe; 1% risk of failure)
Confirm with . or Enter, or press ? or * to list all spells.
Aiming: Sandblast (safe; 1% risk of failure)
Press: ? - help, Shift-Dir - straight line, f - ice statue
Aim: an ice statue (100% to hit)
The blast of sand hits the ice statue but does no damage.
The ice statue gestures at you. The bolt of cold hits you!!
The ice statue gestures at you. The bolt of cold hits you!!
Ouch! That really hurt!
* * * LOW HITPOINT WARNING * * *
The ice statue gestures at you. The freezing blast misses you.
You feel much better.
You are engulfed in freezing vapours.
* * * LOW HITPOINT WARNING * * *
Okay, then.
You are engulfed in freezing vapours.
You die...

.##.###.#........# #.#
..........#..###.# #Y#
#.....(.###..###># #.#
#.#.####.......#.# #.#
#.#.# #.......#.#####.#
#.#.####...............#
#.#............#.(######
#.######.....##⌠..☼⌠#
#†# #.....##☼@☼..# #.#
#.....##○○○..# #.#
##..####○☼○..# #[# #..#
#.....# [)#######..#
#.....# ...........#
#≈≈≈≈≈#
..........#####≈≈8≈≈#
###..........##≈≈≈≈≈#
#.###########.....#


You could see an ice statue.

Vanquished Creatures
  6 yaks (D:7)
  An orc warrior (Bailey)
  Pargi (D:3)
  2 black bears
  An ice beast (D:5)
  2 sky beasts
  2 ogres
  A centaur (D:7)
  2 phantoms
  A kobold brigand (D:5)
  2 bullfrogs
  A scorpion (D:7)
  A jelly (D:4)
  3 hounds
  5 orc priests
  An iron imp (D:2)
  A sleepcap (D:6)
  5 orc wizards
  2 iguanas
  Robin (D:3)
  20 gnolls
  4 adders
  6 shadow imps
  2 white imps
  2 ufetubi
  A worm (D:5)
  2 dart slugs
  37 orcs
  3 bats
  5 endoplasms
  4 giant cockroaches
  15 goblins
  7 hobgoblins
  2 jackals (D:5)
  7 kobolds
  10 quokkas
  7 ball pythons
  4 frilled lizards
  4 rats
183 creatures vanquished.

Notes
Turn   | Place    | Note
-------+----------+-------------------------------------------
     0 | D:1      | bjtr the Gargoyle Earth Elementalist began the quest for
                  | the Orb.
     0 | D:1      | Reached XP level 1. HP: 10/10 MP: 3/3
   211 | D:1      | Reached skill level 4 in Earth Magic
   211 | D:1      | Reached XP level 2. HP: 15/15 MP: 1/5
   763 | D:2      | Reached XP level 3. HP: 19/19 MP: 4/6
  1088 | D:2      | Reached skill level 5 in Earth Magic
  1441 | D:2      | Reached XP level 4. HP: 24/24 MP: 5/7
  1526 | D:3      | Found a snail-covered altar of Cheibriados.
  1528 | D:3      | Noticed Pargi
  1654 | D:3      | Found a transporter.
  1684 | D:3      | Learned a level 2 spell: Passwall
  1688 | D:3      | Learned a level 3 spell: Stone Arrow
  1777 | D:3      | Reached XP level 5. HP: 8/28 MP: 4/9
  1779 | D:3      | Found a transporter.
  1942 | D:3      | Reached skill level 6 in Earth Magic
  1978 | D:3      | Noticed Robin
  1980 | D:3      | Killed Robin
  2221 | D:3      | Noticed a phantom
  2224 | D:3      | Killed a phantom
  2225 | D:3      | Reached XP level 6. HP: 32/32 MP: 6/11
  2476 | D:3      | Killed Pargi
  2477 | D:3      | Reached skill level 7 in Earth Magic
  2724 | D:4      | Found Hyfir's CLEARANCE SALE!.
  2738 | D:4      | Bought a potion of heal wounds for 20 gold pieces
  2738 | D:4      | Bought a scroll of identify for 8 gold pieces
  2738 | D:4      | Bought a wand of digging (5) for 84 gold pieces
  2753 | D:4      | Reached XP level 7. HP: 33/36 MP: 9/12
  3150 | D:4      | Reached skill level 8 in Earth Magic
  3173 | D:4      | Found a blossoming altar of Fedhas.
  3260 | D:4      | Bought a scroll of teleportation for 12 gold pieces
  3688 | D:5      | Entered Level 5 of the Dungeon
  3726 | D:5      | Learned a level 4 spell: Petrify
  3980 | D:5      | Reached skill level 9 in Earth Magic
  4029 | D:5      | Reached XP level 8. HP: 42/42 MP: 11/14
  4622 | D:6      | Found Ulemnem's Magic Scroll Boutique.
  4622 | D:6      | Found Gatoxkue's Armour Boutique.
  4623 | D:6      | Found Buowa's Weapon Boutique.
  4625 | D:6      | Found Siantaig's General Store.
  4651 | D:6      | Reached skill level 5 in Spellcasting
  4784 | D:6      | Reached skill level 1 in Armour
  4784 | D:6      | Reached skill level 10 in Earth Magic
  5083 | D:6      | Reached skill level 1 in Axes
  5363 | D:7      | Found an opulent altar of Gozag.
  5395 | D:7      | Noticed a yak
  5439 | D:7      | Noticed a yak
  5439 | D:7      | Noticed a yak
  5440 | D:7      | Noticed a yak
  5521 | D:7      | Found a staircase to the Ecumenical Temple.
  5574 | D:7      | Reached XP level 9. HP: 46/46 MP: 15/18
  5605 | D:7      | Found a flagged portal.
  5622 | Bailey   | Entered a bailey
  6094 | Temple   | Entered the Ecumenical Temple
  6406 | D:7      | Reached skill level 11 in Earth Magic
  6515 | D:7      | Reached skill level 1 in Fighting
  6642 | D:7      | Noticed an ice statue
  6747 | D:7      | Found an ancient bone altar of Kikubaaqudgha.
  6847 | Temple   | Became a worshipper of Hepliaklqana the Forgotten
  6997 | D:7      | HP: 2/48 [ice statue/bolt of cold (24)]
  7000 | D:7      | Engulfed by an ice statue's freezing vapour

Illustrated notes

Levels and vault maps discovered:
D:1:      co_arrival_square_in_a_square_in_a_square, layout_rooms
D:2:      layout_loops_ring, serial_bayou_crossing
D:3:      gammafunk_wand_slinger, layout_basic, slow_altar_1, hex_large,
          uniq_pargi, uniq_robin
D:4:      minmay_recursive_quarters, layout_cave_pools, kennysheep_mini,
          nicolae_shop_clearance
D:5:      layout_loops_ring
D:6:      layout_loops_ring, minmay_shop_grid_forest,
          chequers_serial_rivers_micro_b
D:7:      lemuel_ice_statue, layout_loops_ring, kennysheep_little_box,
          grunt_gozag_statues, temple_statues, enter_bailey_3
Temple:   bh_familiar_temple

Skill      XL: |  1  2  3  4  5  6  7  8  9 |
---------------+----------------------------+-----
Earth Magic    | 4 5 6 7 9 10 11 | 11.5
Spellcasting   | 3 4 6 |  6.9
Dodging        | 2 |  2.4
Stealth        | 3 |  3.3
Armour         | 1 2 |  2.5
Axes           | 1 4 |  4.1
Fighting       | 1 |  1.6
Transmutations | |  0.7

Action                     |  1- 3 |  4- 6 |  7- 9 || total
---------------------------+-------+-------+-------++-------
  Melee: Falchion          |       |     3 |       ||     3
         Dagger            |       |       |    21 ||    21
         Punch             |       |       |     2 ||     2
         Broad axe         |       |       |    79 ||    79
   Fire: Sling             |     4 |       |       ||     4
   Cast: Sandblast         |    46 |    72 |   169 ||   287
         Passwall          |       |     1 |     1 ||     2
    Use: Scroll            |     5 |       |     7 ||    12
         Potion            |       |       |     2 ||     2
   Stab: Sleeping          |       |       |     5 ||     5
 Armour: Robe              |     5 |    13 |       ||    18
         Leather armour    |       |     5 |    59 ||    64
  Dodge: Dodged            |     8 |    42 |   124 ||   174

Table legend: (Time is in decaauts)
 A = Elapsed time spent in this place.
 B = Non-inter-level travel time spent in this place.
 C = Inter-level travel time spent in this place.
 D = Time resting spent in this place.
 E = Time spent auto-exploring this place.
 F = Levels seen in this place.
 G = Mean time per level.
                   A        B        C        D        E       F      G
               +--------+--------+--------+--------+--------+-----+--------+
         Total |   7191 |   6566 |    625 |    782 |   3937 |   9 |  799.0 |
       Dungeon |   6692 |   6126 |    566 |    705 |   3886 |   7 |  956.0 |
        Temple |     68 |     10 |     58 |      0 |      0 |   1 |   68.0 |
        Bailey |    431 |    431 |      0 |     77 |     51 |   1 |  431.0 |
               +--------+--------+--------+--------+--------+-----+--------+

Top non-repeatable levels by time:
     D:7: 1217 daAuts
     D:2: 1162 daAuts
     D:3: 1073 daAuts
     D:5: 938 daAuts
     D:4: 921 daAuts
     D:6: 763 daAuts
     D:1: 614 daAuts
  Bailey: 431 daAuts
  Temple: 68 daAuts
